 Dungeon Crawl Stone Soup version 0.29-a0-284-gf9362112df (webtiles) character file.

Game seed: 17560344044383370416

5 spaghetti the Magician (level 1, -2/13 HPs)
             Began as a Demonspawn Hedge Wizard on Mar 28, 2022.
             Slain by a kobold
             ... wielding a +0 club
              (4 damage)
             ... on level 1 of the Dungeon.
             The game lasted 00:00:32 (164 turns).

spaghetti the Magician (Demonspawn Hedge Wizard)     Turns: 164, Time: 00:00:32

Health: -2/13      AC:  2    Str: 10    XL:     1   Next: 66%
Magic:  1/4        EV: 12    Int: 15    God:
Gold:   10         SH:  0    Dex: 12    Spells: 4/6 levels left

rFire   . . .      SeeInvis .   f - +0 dagger (venom) {short}
rCold   . . .      Faith    .   (no shield)
rNeg    . . .      Spirit   .   b - +0 robe
rPois   .          Reflect  .   c - +0 hat
rElec   .          Harm     .   (no cloak)
rCorr   .          Rampage  .   (no gloves)
Will    .....                   (no boots)
Stlth   ++........              (no amulet)
HPRegen 0.04/turn               (no ring)
MPRegen 0.09/turn               (no ring)

@: no status effects
A: no striking features
a: no special abilities


You were on level 1 of the Dungeon.
You visited 1 branch of the dungeon, and saw 2 of its levels.

You collected 10 gold pieces.


   Skills:
 - Level 1.7 Dodging
 - Level 1.7 Stealth
 + Level 3.2 Spellcasting
 - Level 1.1 Conjurations
 - Level 1.0 Summonings
 - Level 0.8 Translocations


You had 4 spell levels left.
You knew the following spells:

 Your Spells              Type           Power      Damage    Failure   Level
a - Magic Dart            Conj           20%        1d4       12%         1
b - Slow                  Hex            8%         N/A       21%         1

Your spell library contained the following spells:

 Spells                   Type           Power      Damage    Failure   Level
 Blink                    Tloc           10%        N/A       21%         2
 Call Imp                 Summ           5%         N/A       21%         2
 Conjure Flame            Conj/Fire      4%         6-21      43%         3
 Mephitic Cloud           Conj/Pois/Air  3%         N/A       45%         3

Inventory:

Hand Weapons
 a - a +0 dagger {short}
 f - a +0 dagger of venom (weapon) {short}
   (You found it on level 1 of the Dungeon)
Missiles
 g - 21 stones {throwing}
Armour
 b - a +0 robe (worn)
 c - a +0 hat (worn)
Scrolls
 e - a scroll of identify {unknown}
 h - 2 scrolls of vulnerability {unknown}
Potions
 d - a potion of magic

Dungeon Overview and Level Annotations

Branches:
Dungeon (2/15)

Altars:
Kikubaaqudgha

.............### ..$
##............######....
##...)..............# .
####..........#...#..#....
#..............#......(...
#..........[......#.....>.
#....)....................
#..............K.S.....†..
#..............@..........
#....######...h.h##.......
##....###......##..........
#.........###..##...#######
#.....#### #.. ..#.#
..###.# #. ..... ..###.# #.
.###. ......# .# .. ......#


You could see 2 jackals, a ball python and a kobold.


Message History

Press: ? - help, Q - select action, (/) - cycle Shift-Dir - straight line, f - ball python
Aim: a ball python (100% to hit)
The magic dart hits the ball python.
The ball python barely misses you. The ball python grabs you.
The ball python constricts you. 😕 MP[-1]
You lost 1 mp, and now have 0/4 mp.
You hit the ball python.
You kill the ball python!
Your magical contamination has completely faded away.
Key pressed, stopping explore.
Things that are here:
a +0 dagger {short}; a ball python corpse 😎 HP[+3] MP[+4]
Your hp is fully restored (13).
Your mp is fully restored (4).
Found a stone staircase leading down.
g - 3 stones {throwing}
Things that are here:
a +0 club {mace}; a kobold corpse
g - 21 stones {throwing} (gained 18)
Found an escape hatch in the floor.
h - 2 scrolls labelled OFUOGI ESUAXKA A jackal comes into view.
A jackal is nearby!
The magic dart hits the jackal.
The jackal barks!
You hear an angry hiss.
A ball python comes into view.
A kobold comes into view. It is wielding a +0 club. 😎 MP[-1]
You lost 1 mp, and now have 3/4 mp.
The magic dart hits the kobold.
The kobold shouts!
The ball python hisses angrily.
You hear a bark!
A jackal comes into view.
The magic dart hits the ball python.
You kill the ball python!
The magic dart hits the kobold but does no damage.
No target in range!
No target in range!
No target in range!
No target in range! 😎 MP[-3]
You lost 3 mp, and now have 0/4 mp.
No target in range!
No target in range!
No target in range!
No target in range!
No target in range!
No target in range!
No target in range!
No target in range!
No target in range!
No target in range!
No target in range!
No target in range!
No target in range!
No target in range!
No target in range!
No target in range!
No target in range!
No target in range!
No target in range!
No target in range!
No target in range!
There is a stone staircase leading down here.
You climb downwards.
Found a bubbling silvery potion.
Found a stone staircase leading down.
There is a stone staircase leading up here.
Unknown command.
Unknown command.
A rat is nearby!
Found an ancient bone altar of Kikubaaqudgha. 😎 MP[+1]
You closely miss the rat. The rat closely misses you.
You hit the rat.
The rat is poisoned.
You kill the rat!
No target in view!
No target in view!
No target in view!
No target in view!
No target in view!
There is a stone staircase leading up here.
You climb upwards.
The ball python hisses angrily.
The jackal bites you.
The jackal bites you but does no damage.
The kobold barely misses you. The jackal barely misses you.
The jackal bites you.
The jackal bites you but does no damage.
The jackal bites you.
* * * LOW HITPOINT WARNING * * *
The kobold hits you with a +0 club.
* * * LOW HITPOINT WARNING * * *
There is a stone staircase leading down here. 😱 HP[-11]
You take 11 damage, and now have 2/13 hp.
MASSIVE DAMAGE!! (PAUSE)
The jackal completely misses you. The jackal barely misses you.
The kobold hits you with a +0 club.
You die...

Action                   || total
-------------------------++-------
Melee: Dagger            ||     4
 Cast: Magic Dart        ||     9
Armor: Robe              ||     2
Dodge: Dodged            ||     6

Levels and vault maps discovered:
D:1:      mrwooster_arrival_statue, layout_rooms,
          dreamdust_ecumenical_altar_hidden_monk_grotto, minmay_misc_feat_roman
D:2:      layout_rooms, basic_altar

Notes
Turn   | Place    | Note
-------+----------+-------------------------------------------
     0 | D:1      | spaghetti the Demonspawn Hedge Wizard began the quest for
                  | the Orb.
     0 | D:1      | Reached XP level 1. HP: 13/13 MP: 4/4
     0 | D:1      | magus.rc [v1.9.6]
     2 | D:1      | Learned a level 1 spell: Slow
   156 | D:2      | Found an ancient bone altar of Kikubaaqudgha.
   163 | D:1      | HP: 2/13 [kobold/+0 club (2)]
   164 | D:1      | Slain by a kobold

Vanquished Creatures
  3 ball pythons (D:1)
  A goblin (D:1)
  A kobold (D:1)
  A rat (D:2)
6 creatures vanquished.

Table legend:
 A = Non-vault XP
 B = Vault XP
 C = Vault XP percentage of total XP
 D = Non-vault monster count
 E = Vault monster count
 F = Vault count percentage of total count
                 A         B        C        D         E       F
            +---------+---------+-------+---------+---------+-------
      Total |       8 |       0 |   0.0 |       6 |       0 |   0.0
            +---------+---------+-------+---------+---------+-------
        D:1 |       7 |       0 |   0.0 |       5 |       0 |   0.0
        D:2 |       1 |       0 |   0.0 |       1 |       0 |   0.0
            +---------+---------+-------+---------+---------+-------

Illustrated notes

Table legend:
 A = Kills in this place as a percentage of kills in entire the game.
 B = Kills by you in this place as a percentage of kills by you in the entire game.
 C = Kills by friends in this place as a percentage of kills by friends in the entire game.
 D = Other kills in this place as a percentage of other kills in the entire game.
 E = Experience gained in this place as a percentage of experience gained in the entire game.
 F = Experience gained in this place divided by the number of levels of this place that you have seen.
                   A       B       C       D       E      F
               +-------+-------+-------+-------+-------+----------------------
         Total | 100.0 | 100.0 |   N/A |   N/A | 100.0 |   4.0
       Dungeon | 100.0 | 100.0 |   N/A |   N/A | 100.0 |   4.0
               +-------+-------+-------+-------+-------+----------------------

Table legend: (Time is in decaauts)
 A = Elapsed time spent in this place.
 B = Non-inter-level travel time spent in this place.
 C = Inter-level travel time spent in this place.
 D = Time resting spent in this place.
 E = Time spent auto-exploring this place.
 F = Levels seen in this place.
 G = Mean time per level.
                   A        B        C        D        E       F      G
               +--------+--------+--------+--------+--------+-----+--------+
         Total |    163 |    163 |      0 |      0 |    120 |   2 |   81.5 |
       Dungeon |    163 |    163 |      0 |      0 |    120 |   2 |   81.5 |
               +--------+--------+--------+--------+--------+-----+--------+

Top non-repeatable levels by time:
     D:1: 156 daAuts
     D:2: 7 daAuts
